Map: Habitation Station LE (Void)

Players

Fropez - Winner!

  • Race: Protoss Protoss
  • League: Gold
  • Spawn Location: 1:00

oTIMELESSo

  • Race: Protoss Protoss
  • League: Platinum
  • Spawn Location: 11:00

VOD

Have the link to the VOD?

Description

Time

  • Played on: Jan. 2, 2017, 10:42 a.m.
  • Length: 11:53
Show
View Real Time Build Order
Export as new Build Order

Fropez Protoss - Winner!

Build Orders:  

Get SALT Encoding   

  12  0:01  Probe (Chrono Boost)  
  13  0:15  Probe (Chrono Boost)  
  14  0:21  Pylon  
  14  0:26  Probe (Chrono Boost)  
  15  0:39  Probe (Chrono Boost)  
  16  0:44  Forge  
  17  0:50  Probe (Chrono Boost)  
  17  1:00  Probe (Chrono Boost)  
  18  1:09  Pylon  
  18  1:11  Probe (Chrono Boost)  
  19  1:16  Pylon  
  19  1:21  Pylon  
  18  1:46  Nexus  
  18  1:48  Gateway  
  18  1:51  Probe (Chrono Boost)  
  19  2:09  Pylon  
  19  2:16  Probe (Chrono Boost)  
  19  2:19  Pylon  
  20  2:23  Assimilator  
  20  2:26  Assimilator  
  20  2:27  Probe (Chrono Boost)  
  20  2:38  Probe (Chrono Boost)  
  20  2:39  Cybernetics Core  
  21  2:46  Gateway  
  21  2:49  Probe (Chrono Boost)  
  22  2:58  Probe (Chrono Boost)  
  22  2:59  Probe (Chrono Boost)  
  24  3:09  Probe (Chrono Boost)  
  25  3:25  Warp Gate  
  25  3:27  Robotics Facility  
  25  3:29  Probe (Chrono Boost)  
  25  3:33  Stalker  
  28  3:36  Pylon, Stalker  
  30  3:43  Probe x2 (Chrono Boost)  
  30  3:47  Assimilator  
  33  3:56  Probe (Chrono Boost)  
  33  3:57  Probe (Chrono Boost)  
  34  4:09  Probe (Chrono Boost)  
  35  4:13  Protoss Ground Weapons Level 1  
  35  4:15  Pylon  
  35  4:19  Assimilator  
  35  4:21  Probe (Chrono Boost)  
  35  4:23  Adept, Mothership Core (Chrono Boost)  
  41  4:31  Probe (Chrono Boost)  
  41  4:35  Immortal  
  45  4:42  Probe (Chrono Boost)  
  44  4:51  Probe (Chrono Boost)  
  45  4:54  Probe (Chrono Boost)  
  46  5:03  Probe (Chrono Boost)  
  46  5:07  Probe (Chrono Boost)  
  48  5:09  Immortal  
  48  5:13  Pylon  
  53  5:15  Probe (Chrono Boost)  
  53  5:19  Probe (Chrono Boost)  
  56  5:36  Probe (Chrono Boost)  
  56  5:37  Adept x2, Probe (Chrono Boost)  
  60  5:43  Gateway  
  60  5:47  Photon Cannon  
  60  5:48  Probe (Chrono Boost)  
  60  5:49  Pylon, Probe (Chrono Boost)  
  62  6:00  Probe (Chrono Boost)  
  62  6:01  Probe (Chrono Boost)  
  64  6:05  Nexus  
  64  6:13  Adept x2  
  69  6:19  Probe (Chrono Boost)  
  69  6:21  Probe (Chrono Boost)  
  69  6:25  Gateway  
  70  6:31  Probe (Chrono Boost)  
  71  6:35  Immortal  
  69  6:44  Stalker x2  
  78  6:47  Probe (Chrono Boost)  
  78  6:55  Pylon  
  78  7:02  Pylon  
  78  7:12  Immortal  
  80  7:15  Probe x2 (Chrono Boost)  
  80  7:17  Photon Cannon  
  80  7:22  Sentry x3  
  88  7:27  Probe (Chrono Boost)  
  91  7:30  Sentry  
  95  7:37  Probe (Chrono Boost)  
  95  7:38  Probe (Chrono Boost)  
  95  7:46  Immortal  
  95  7:48  Assimilator  
  95  7:51  Assimilator  
  95  7:52  Sentry x3  
  105  8:13  Stalker  
  105  8:15  Probe x2 (Chrono Boost)  
  109  8:21  Gateway  
  109  8:26  Pylon  
  109  8:28  Probe (Chrono Boost)  
  109  8:29  Gateway  
  109  8:31  Twilight Council, Gateway  
  104  8:35  Gateway  
  104  8:39  Probe (Chrono Boost), Gateway  
  105  8:41  Pylon  
  105  8:44  Pylon  
  105  8:45  Stalker x4  
  113  8:49  Probe (Chrono Boost)  
  113  8:50  Protoss Shields Level 1  
  113  8:51  Probe (Chrono Boost)  
  115  9:03  Gateway  
  115  9:05  Gateway  
  115  9:08  Probe (Chrono Boost)  
  115  9:09  Probe x2 (Chrono Boost)  
  118  9:14  Stalker x4  
  118  9:16  Blink  
  126  9:35  Stalker x3  
  132  9:41  Pylon  
  132  9:42  Pylon  
  132  10:09  Stalker x4  
  132  10:10  Stalker x4  
  132  10:12  Pylon  
  148  10:14  Nexus  
  148  10:18  Assimilator  
  130  10:22  Assimilator  
  130  10:26  Pylon  
  116  10:29  Pylon  
  116  10:33  Pylon  
  100  10:38  Pylon  
  98  10:45  Stalker x2  
  98  10:46  Stalker x5  
  98  10:47  Stalker x2  
  116  10:51  Probe (Chrono Boost)  
  116  10:53  Probe x2 (Chrono Boost)  
  119  11:02  Probe (Chrono Boost)  
  122  11:05  Probe x2 (Chrono Boost)  
  122  11:11  Gateway  
  122  11:12  Probe (Chrono Boost), Gateway  
  122  11:15  Gateway  
  122  11:17  Photon Cannon  
  123  11:20  Photon Cannon  
  123  11:22  Photon Cannon  
Show
View Real Time Build Order
Export as new Build Order

oTIMELESSo Protoss 

Build Orders:  

Get SALT Encoding   

  12  0:02  Probe (Chrono Boost)  
  13  0:12  Probe (Chrono Boost)  
  14  0:21  Pylon  
  14  0:23  Probe (Chrono Boost)  
  15  0:39  Probe (Chrono Boost)  
  15  0:40  Gateway  
  16  0:50  Probe (Chrono Boost)  
  17  1:00  Probe (Chrono Boost)  
  18  1:04  Assimilator x2  
  19  1:11  Probe (Chrono Boost)  
  19  1:22  Probe (Chrono Boost)  
  20  2:00  Probe (Chrono Boost)  
  21  2:11  Probe (Chrono Boost)  
  22  2:37  Cybernetics Core  
  22  2:38  Forge  
  22  2:52  Probe (Chrono Boost)  
  22  2:57  Pylon  
  23  3:11  Stalker  
  23  3:17  Probe (Chrono Boost)  
  23  3:18  Warp Gate  
  26  3:29  Twilight Council, Probe (Chrono Boost)  
  26  3:32  Gateway x2  
  28  3:41  Probe (Chrono Boost)  
  28  3:42  Nexus  
  28  3:51  Pylon  
  28  4:06  Charge  
  28  4:15  Probe (Chrono Boost)  
  29  4:21  Photon Cannon  
  29  4:34  Mothership Core (Chrono Boost)  
  30  4:45  Pylon  
  30  4:49  Photon Cannon  
  30  4:55  Probe (Chrono Boost)  
  30  4:56  Probe (Chrono Boost)  
  32  5:06  Probe (Chrono Boost)  
  34  5:08  Probe (Chrono Boost)  
  34  5:09  Stargate  
  34  5:11  Stargate  
  34  5:16  Assimilator  
  34  5:20  Assimilator  
  34  5:23  Pylon  
  34  5:32  Stalker x2  
  38  5:37  Zealot  
  40  5:51  Probe (Chrono Boost)  
  40  5:52  Probe (Chrono Boost)  
  40  5:54  Photon Cannon  
  42  6:01  Probe (Chrono Boost)  
  44  6:04  Probe (Chrono Boost)  
  44  6:09  Zealot  
  44  6:10  Zealot  
  46  6:12  Probe (Chrono Boost)  
  46  6:16  Probe (Chrono Boost)  
  48  6:22  Zealot  
  50  6:44  Void Ray x2  
  58  6:49  Protoss Ground Weapons Level 1  
  58  6:50  Zealot x2  
  58  6:51  Zealot  
  64  6:57  Probe (Chrono Boost)  
  64  6:59  Probe (Chrono Boost)  
  66  7:21  Void Ray  
  70  7:35  Pylon  
  70  7:40  Pylon  
  70  7:45  Pylon  
  70  7:46  Pylon  
  70  7:47  Void Ray  
  70  7:49  Pylon  
  74  7:59  Void Ray, Pylon  
  74  8:02  Robotics Facility  
  74  8:03  Zealot  
  74  8:05  Sentry  
  82  8:13  Zealot  
  75  8:40  Photon Cannon  
  77  8:42  Probe x2 (Chrono Boost)  
  77  8:43  Zealot  
  77  8:44  Zealot x2  
  83  8:52  Observer  
  83  8:54  Probe (Chrono Boost)  
  85  9:06  Templar Archives  
  85  9:13  Immortal  
  85  9:14  Probe x2 (Chrono Boost)  
  91  9:26  Nexus  
  91  9:29  Pylon  
  91  9:39  Pylon  
  91  9:42  Probe x2 (Chrono Boost)  
  93  9:47  High Templar x2  
  93  9:48  High Templar  
  99  9:53  Archon  
  99  9:54  Probe (Chrono Boost)  
  100  10:03  Photon Cannon  
  57  10:40  Void Ray  
  57  10:41  Void Ray  
  57  10:42  Zealot x3  
  53  10:54  Gateway  
  53  10:55  Gateway  
  53  10:57  Gateway  
  55  11:04  Mothership Core (Chrono Boost)  
  55  11:05  High Templar x2  
  55  11:06  High Templar  
  55  11:10  Archon  
  46  11:38  Zealot x2  
  46  11:39  Zealot  
Tags
 
Add a new tag
Caveats
  • Supply blocks, unpowered buildings, or Contaminate may cause inaccurate times.
  • Supply counts are checked every 10 seconds.